AoeStats
← Blazing Cartesia, The Virtuous

Arabia

509817960Analyzed
1v1 RM · 3d ago on Sep 28, 2026· 51m 45s· 2 players
Game mode
Random Map
Map size
Tiny (2 player)
Population
200
Speed
Normal
Resources
Standard
Victory
Conquest
Starting age
Dark Age
Ending age
Imperial Age
RankedLock teamsTeams togetherTeam positionsShared explorationLock speedFull tech treeHidden civsTurbo modeCheats
Victory
Defeat
1241
+15
🇲🇽 Cumans · Mexico
1215
-15
Puerco de Monte
7:18 Loom
10:28 Feudal Age
12:47 Double-Bit Axe
14:39 Wheelbarrow
15:43 Horse Collar
21:57 Forging
24:17 Castle Age
25:02 Forging
25:06 Bloodlines
25:03 Scale Barding Armor
24:34 Pikeman
25:20 Squires
26:55 Iron Casting
27:05 Bow Saw
26:30 Light Cavalry
32:22 Chain Barding Armor
37:39 Heavy Plow
41:31 Imperial Age
39:45 Hand Cart
39:44 Fletching
39:55 Fletching
40:09 Elite Skirmisher
41:00 Scale Mail Armor
42:06 Thumb Ring
41:59 Halberdier
43:31 Bodkin Arrow
44:01 Hussar
49:21 Padded Archer Armor
50:54 Blast Furnace
50:30 Chain Mail Armor
Blazing Cartesia, The Virtuous
6:54 Loom
8:55 Feudal Age
9:27 Double-Bit Axe
17:23 Wheelbarrow
16:56 Horse Collar
19:51 Castle Age
17:50 Gold Mining
18:37 Bloodlines
19:58 Scale Barding Armor
20:33 Bow Saw
20:26 Heavy Plow
20:54 Forging
21:22 Gold Shaft Mining
22:41 Iron Casting
22:31 Husbandry
23:43 Pikeman
28:28 Crossbowman
29:14 Fletching
30:10 Bodkin Arrow
30:38 Padded Archer Armor
31:54 Ballistics
32:12 Hand Cart
31:57 Town Watch
36:18 Imperial Age
36:54 Kamandaran
37:14 Conscription
38:47 Murder Holes
39:53 Chemistry
39:27 Cavalier
41:00 Savar
42:47 Chain Barding Armor
43:28 Blast Furnace
43:05 Elite War Elephant
44:23 Hoardings
44:32 Town Patrol
47:53 Stone Mining
48:47 Citadels
48:34 Light Cavalry
49:32 Hussar
Connection lost

Rejoining the realm…

Still unreachable

The connection could not be restored.

Session expired

The server has moved on; the page needs a fresh start.